 Dungeon Crawl Stone Soup version 0.28.0-53-g5a82cb258f (webtiles) character file.

Game seed: 18092654088505271741

1500 Descartes the Covert (level 8, -1/37 HPs)
             Began as a Spriggan Wanderer on June 21, 2022.
             Was a High Priest of Elyvilon.
             Slain by an unseen horror (6 damage)
             ... on level 6 of the Dungeon.
             The game lasted 00:25:35 (9066 turns).

Descartes the Covert (Spriggan Wanderer)            Turns: 9066, Time: 00:25:35

Health: -1/37      AC:  3    Str:  8    XL:     8   Next: 52%
Magic:  13/16      EV: 20    Int: 13    God:    Elyvilon [*****.]
Gold:   372        SH:  0    Dex: 17    Spells: 10/16 levels left

rFire   . . .      SeeInvis +   a - +3 dagger
rCold   . . .      Faith    .   (no shield)
rNeg    . . .      Spirit   .   c - +0 robe
rPois   .          Reflect  .   (helmet restricted)
rElec   .          Harm     .   t - +0 cloak
rCorr   .          Rampage  .   (gloves unavailable)
Will    +....                   (boots unavailable)
Stlth   ++++......              (no amulet)
HPRegen 0.12/turn               (no ring)
MPRegen 0.15/turn               (no ring)

@: very quick
A: very small, no large weapons, unfitting armour, see invisible, speed 3
a: Renounce Religion, Purification, Heal Other, Heal Self, Divine Vigour


You were on level 6 of the Dungeon.
You worshipped Elyvilon.
Elyvilon was extremely pleased with you.
You visited 2 branches of the dungeon, and saw 7 of its levels.

You collected 372 gold pieces.

Inventory:

Hand Weapons
 a - a +3 dagger (weapon)
 b - a +0 hunting sling
 s - a +2 quarterstaff of chaos
 C - a +0 shortbow
Missiles
 n - 93 sling bullets
 o - 126 stones
 p - 73 arrows
 A - 3 poisoned darts
 G - 27 bolts
Armour
 c - a +0 robe (worn)
 t - a +0 cloak (worn)
Jewellery
 k - a ring of flight
 r - a ring of ice
 B - an amulet of magic regeneration
Wands
 l - a wand of paralysis (8) (quivered)
 D - a wand of polymorph (7)
Scrolls
 d - a scroll of fear {unknown}
 e - 8 scrolls of identify {unknown}
 f - a scroll of enchant armour {unknown}
 h - 3 scrolls of brand weapon {unknown}
 v - a scroll of enchant weapon {unknown}
 x - a scroll of immolation {unknown}
 y - a scroll of teleportation {unknown}
 E - a scroll of magic mapping {unknown}
 H - a scroll of vulnerability {unknown}
Potions
 g - a potion of brilliance {unknown}
 i - 2 potions of invisibility {unknown}
 j - a potion of might {unknown}
 m - 2 potions of flight {unknown}
 q - a potion of berserk rage {unknown}
 u - 2 potions of haste
 w - a potion of lignification {unknown}
 z - a potion of degeneration {unknown}
 F - a potion of curing


   Skills:
 - Level 1.5 Fighting
 + Level 4.0 Short Blades
 + Level 2.4 Slings
 + Level 5.7 Dodging
 + Level 8.8 Stealth
 + Level 4.8 Spellcasting
 + Level 2.6 Conjurations
 - Level 1.0 Summonings
 + Level 3.2 Air Magic
 + Level 3.1 Poison Magic
 + Level 0.2 Evocations


You had 10 spell levels left.
You knew the following spells:

 Your Spells              Type           Power      Damage    Failure   Level
a - Summon Small Mammal   Summ           20%        N/A       13%         1
b - Shock                 Conj/Air       40%        1d5       6%          1
c - Airstrike             Air            5%         N/A       45%         4

Your spell library contained the following spells:

 Spells                   Type           Power      Damage    Failure   Level
 Swiftness                Air            11%        N/A       16%         3
 Mephitic Cloud           Conj/Pois/Air  10%        N/A       17%         3
 Call Canine Familiar     Summ           5%         N/A       36%         3
 Ignite Poison            Fire/Tmut/Pois 5%         N/A       36%         3
 Ozocubu's Armour         Ice            3%         N/A       50%         3
 Freezing Cloud           Conj/Ice/Air   4%         6-21      93%         5
 Ozocubu's Refrigeration  Ice            1%         4d5       100%        7


Dungeon Overview and Level Annotations

Branches:
Dungeon (6/15)             Temple (1/1) D:4

Altars:
Cheibriados
Dithmenos
Elyvilon
Fedhas
Hepliaklqana
Kikubaaqudgha
Makhleb
Nemelex Xobeh
Okawaru
Qazlal
Ru
Sif Muna
Trog
Vehumet
Wu Jian
Xom
Yredelemnul
The Shining One

Shops:
D:4 (=!*=   D:5 (

Annotations:
D:2 Terence


Innate Abilities, Weirdness & Mutations

You are very small and have problems with some larger weapons.
You are too small for most types of armour.
You have supernaturally acute eyesight. (SInv)
You cover ground extremely quickly. (Speed+++)


Message History

The water moccasin zombie misses you.
You hit the water moccasin zombie but do no damage.
The water moccasin zombie is heavily damaged.
The water moccasin zombie bites you.
You hit the water moccasin zombie.
The water moccasin zombie is severely damaged.
The water moccasin zombie misses you.
You hit the water moccasin zombie.
The water moccasin zombie is severely damaged.
The water moccasin zombie barely misses you.
You hit the water moccasin zombie.
The water moccasin zombie is almost destroyed.
The water moccasin zombie bites you.
You barely miss the water moccasin zombie.
The water moccasin zombie is almost destroyed.
The water moccasin zombie bites you.
You barely miss the water moccasin zombie.
The water moccasin zombie is almost destroyed.
The water moccasin zombie bites you.
* * * LOW HITPOINT WARNING * * *
There is an open door here.
Casting: Shock (safe; 6% risk of failure)
Confirm with . or Enter, or press ? or * to list all spells.
Aiming: Shock (safe; 6% risk of failure)
Press: ? - help, Shift-Dir - straight line, f/p - water moccasin zombie
Aim: a water moccasin zombie (almost destroyed, 68% to hit)
The zap misses the unseen horror.
The zap hits the water moccasin zombie.
The water moccasin zombie is almost destroyed.
The unseen horror hits you!
* * * LOW HITPOINT WARNING * * *
The unseen horror misses you.
You are healed.
The unseen horror hits you! The unseen horror misses you.
You hit the water moccasin zombie.
The water moccasin zombie is almost destroyed.
The unseen horror hits you!
* * * LOW HITPOINT WARNING * * *
The water moccasin zombie bites you.
* * * LOW HITPOINT WARNING * * *
The unseen horror hits you.
You die...

######.#...##.# #.#†#
##. #.....##.#
#...##... ##..##.##..
###......#
#...##..##.##.[.....##
#.####'####.........#
#.'.......+........##
###.≈...≈.#........#
#.≈._.≈.#.....###..#
#.≈.@.≈.#...#.# .##
+...Zx..+.....# ##
####'######.... #.#.#
..#..# #...# >...##
#.### #.#..# #.......#
## ## #.......#
#.....#..


You could see an unseen horror (invisible) and a water moccasin zombie.

Vanquished Creatures
  Grinder (D:3)
  A black bear (D:6)
  A sky beast (D:3)
  2 ogres
  A centaur (D:5)
  2 bullfrogs
  A gnoll sergeant (D:5)
  A scorpion (D:6)
  A water moccasin zombie (D:6)
  2 howler monkeys
  A bullfrog zombie (D:4)
  Crazy Yiuf (D:3)
  An iguana (D:6)
  3 orc wizards
  Natasha (thrice) (D:2)
  A hound zombie (D:5)
  4 gnolls (D:5)
  4 adders
  2 adder skeletons (D:4)
  3 worms
  4 dart slugs
  13 orcs
  6 ball pythons
  6 endoplasms
  A giant cockroach (D:2)
  5 goblins
  7 hobgoblins
  3 jackals (D:3)
  4 quokkas
  4 bats
  8 frilled lizards
  6 kobolds
  7 rats
110 creatures vanquished.

Vanquished Creatures (collateral kills)
  A bullfrog zombie (D:4)
  A hound (D:4)
  3 ball pythons
  An endoplasm (D:4)
  A giant cockroach (D:1)
  A bat (D:1)
  A frilled lizard (D:1)
  A kobold (D:1)
10 creatures vanquished.

Grand Total: 120 creatures vanquished

Notes
Turn   | Place    | Note
-------+----------+-------------------------------------------
     0 | D:1      | Descartes the Spriggan Wanderer began the quest for the
                  | Orb.
     0 | D:1      | Descartes set off with the following items: a +3 dagger, a
                  | potion of haste, a +0 robe; and the following spell
                  | memorised: Summon Small Mammal; and the following spells
                  | available to memorise: Call Canine Familiar
     0 | D:1      | Reached XP level 1. HP: 10/10 MP: 3/3
     1 | D:1      | Found a faded altar of an unknown god.
    15 | D:1      | Prayed at the altar of an unknown god.
    15 | D:1      | Became a worshipper of Elyvilon the Healer
    15 | D:1      | Reached * piety under Elyvilon
   110 | D:1      | Reached skill level 6 in Stealth
   414 | D:1      | Reached XP level 2. HP: 14/14 MP: 5/5
   424 | D:1      | Reached skill level 1 in Short Blades
   440 | D:1      | Learned a level 1 spell: Shock
   580 | D:1      | Reached ** piety under Elyvilon
   980 | D:1      | Reached XP level 3. HP: 14/18 MP: 6/6
  1296 | D:2      | Noticed Natasha
  1298 | D:2      | Killed Natasha
  1438 | D:2      | Noticed an ogre
  1443 | D:2      | Killed an ogre
  1444 | D:2      | Reached skill level 1 in Air Magic
  1444 | D:2      | Reached XP level 4. HP: 22/22 MP: 6/8
  1449 | D:2      | Learned a level 4 spell: Airstrike
  1560 | D:2      | Reached XP level 5. HP: 25/25 MP: 9/9
  1572 | D:2      | Reached skill level 1 in Conjurations
  1811 | D:2      | Reached skill level 7 in Stealth
  2287 | D:2      | Noticed Natasha
  2305 | D:2      | Killed Natasha
  2657 | D:3      | Reached *** piety under Elyvilon
  2836 | D:3      | Noticed Grinder
  2837 | D:3      | Noticed Terence
  2847 | D:3      | Paralysed by Grinder for 5 turns
  2852 | D:3      | Elyvilon protects you from harm!
  2925 | D:2      | Noticed Natasha
  3314 | D:2      | Killed Natasha
  3528 | D:3      | Reached skill level 1 in Poison Magic
  3528 | D:3      | Reached XP level 6. HP: 30/30 MP: 11/11
  4171 | D:3      | Killed Grinder
  4172 | D:3      | Reached XP level 7. HP: 31/33 MP: 9/13
  4226 | D:3      | Found a runed translucent door.
  4227 | D:3      | Noticed Crazy Yiuf
  4484 | D:3      | Killed Crazy Yiuf
  5095 | D:4      | Found Zoukhof's Jewellery Boutique.
  5105 | D:4      | Reached **** piety under Elyvilon
  5149 | D:4      | Noticed a steam dragon
  5483 | D:4      | Found Wuubbosa's General Store.
  5495 | D:4      | Found Qitteoj's Jewellery Emporium.
  6037 | D:4      | Found a staircase to the Ecumenical Temple.
  6044 | D:4      | Found Exonnit's Distillery.
  6047 | Temple   | Entered the Ecumenical Temple
  6254 | D:4      | Reached skill level 8 in Stealth
  6477 | D:3      | HP: 1/33 [sky beast (6)]
  6484 | D:3      | Reached skill level 1 in Slings
  6802 | D:4      | Found Xarph's Weapon Shoppe.
  6846 | D:4      | Reached skill level 5 in Dodging
  6924 | D:5      | Entered Level 5 of the Dungeon
  6989 | D:5      | Found Vasuaziu's Weapon Boutique.
  7165 | D:5      | Identified the +6 leather armour of Darkness {rPois Str+6
                  | Dex-2}
  7247 | D:5      | Reached ***** piety under Elyvilon
  7324 | D:5      | Found a burning altar of Makhleb.
  7971 | D:5      | Found a sacrificial altar of Ru.
  8071 | D:5      | Reached XP level 8. HP: 37/37 MP: 12/15
  8868 | D:6      | Found a sparkling altar of Nemelex Xobeh.
  9017 | D:6      | Found a glowing golden altar of the Shining One.
  9030 | D:6      | Noticed an unseen horror
  9066 | D:6      | Slain by an unseen horror

Illustrated notes

Levels and vault maps discovered:
D:1:      minmay_arrival_stone_box, layout_rooms, ebering_ecumenical_altar_webs
D:2:      layout_loops_ring, amethyst_killhole, uniq_natasha
D:3:      layout_loops_corners, kennysheep_big_empty_room,
          uniq_crazy_yiuf_cottage, uniq_grinder, uniq_terence
D:4:      layout_basic, minmay_temple_entry_arrows, serial_shops, shop,
          nicolae_shop_crystal, shop, nicolae_shop_bloodbath_and_beyond,
          kennysheep_mini_moat
D:5:      layout_loops_corners, mainiacjoe_overflow_catwalk, lemuel_round_altar,
          serial_shops, shop
D:6:      layout_rooms, mainiacjoe_overflow_six_doors_small,
          nicolae_uskayaw_dance_studio, nemelex_xobeh_ov_fountains_minmay,
          uniq_eustachio
Temple:   nicolae_temple_great_sept

Skill      XL: |  1  2  3  4  5  6  7  8 |
---------------+-------------------------+-----
Stealth        | 6 7 8 |  8.8
Short Blades   | 1 2 3 4 |  4.0
Dodging        | 3 4 5 |  5.7
Spellcasting   | 2 3 4 |  4.8
Air Magic      | 1 2 3 |  3.2
Conjurations   | 1 2 |  2.6
Poison Magic   | 1 2 3 |  3.1
Slings         | 1 2 |  2.4
Fighting       | |  1.5
Summonings     | |  1.0
Evocations     | |  0.2

Action                   |  1- 3 |  4- 6 |  7- 9 || total
-------------------------+-------+-------+-------++-------
Melee: Dagger            |    62 |   141 |   288 ||   491
       Punch             |       |     2 |     9 ||    11
 Fire: Hunting sling     |       |       |    22 ||    22
 Cast: Summon Small Mamm |    15 |    16 |    29 ||    60
       Shock             |       |     2 |    63 ||    65
       Airstrike         |       |       |     1 ||     1
Invok: Heal Self         |       |       |     2 ||     2
Evoke: Wand              |       |     2 |     1 ||     3
 Stab: Sleeping          |     9 |    14 |     9 ||    32
       Distracted        |       |     1 |     2 ||     3
       Paralysed         |       |     1 |     1 ||     2
Armor: Robe              |     6 |     7 |    24 ||    37
Dodge: Dodged            |    47 |    88 |   250 ||   385
